 Dungeon Crawl Stone Soup version 0.31-a0-960-g0fca184906 (webtiles) character file.

Game seed: 4800108492290487885

79 Bnni the Shield-Bearer (level 4, 0/35 HPs)
             Began as a Demonspawn Fighter on Oct 23, 2023.
             Slain by Sigmund
             ... wielding a +1 scythe of freezing
              (2 damage)
             ... on level 2 of the Dungeon.
             The game lasted 00:02:58 (1324 turns).

Bnni the Shield-Bearer (Demonspawn Fighter)         Turns: 1324, Time: 00:02:59

Health: 0/35       AC:  8    Str: 18    XL:     4   Next: 17%
Magic:  4/4        EV:  9    Int:  9    God:
Gold:   46         SH:  5    Dex: 13    Spells: 3/3 levels left

rFire   . . .        a - +0 flail
rCold   . . .        c - +0 buckler
rNeg    + . .        b - +0 scale mail
rPois   .            (helmet restricted)
rElec   .            (no cloak)
rCorr   .            (no gloves)
SInv    .            (no boots)
Will    .....        (no amulet) Stlth
                     i - ring of positive energy
HPRegen 0.25/turn    (no ring)
MPRegen 0.18/turn

%: no passive effects
@: mighty
A: antennae 1, slimy green scales 1, magic regeneration
a: no special abilities


You were on level 2 of the Dungeon.
You visited 1 branch of the dungeon, and saw 2 of its levels.

You collected 68 gold pieces.
You spent 22 gold pieces at shops.

Inventory:

Hand Weapons
 a - a +0 flail (weapon)
Armour
 b - a +0 scale mail (worn)
 c - a +0 buckler (worn)
Jewellery
 i - a ring of positive energy (left hand)
Scrolls
 g - 2 scrolls of teleportation {unknown}
Potions
 e - a potion of curing
 f - a potion of mutation {unknown}
 h - a potion of resistance {unknown}
 j - a potion of attraction {unknown}


   Skills:
 + Level 3.4 Fighting
 * Level 2.9 Maces & Flails
 - Level 2.6 Armour
 * Level 3.5 Shields


You had 3 spell levels left.
You didn't know any spells.
Your spell library was empty.

Dungeon Overview and Level Annotations

Branches:
Dungeon (2/15)

Altars:

Shops:
D:1 (??

Annotations:
D:2 Sigmund


Innate Abilities, Weirdness & Mutations

You have a pair of small antennae on your head.
You are partially covered in slimy green scales. (AC +2)
You regenerate magic rapidly.


Message History

The giant cockroach bites you but does no damage.
Something hits you but does no damage. The giant cockroach closely misses you.
You sock something!
The giant cockroach bites you but does no damage.
You hear some strange, mumbled words.
You are confused.
The giant cockroach attacks as it pursues you!
The giant cockroach barely misses you. Something hits you.
Something freezes you.
You miss the giant cockroach.
The giant cockroach is heavily wounded.
The giant cockroach bites you but does no damage.
Something hits you but does no damage. The giant cockroach barely misses you.
You sock the giant cockroach!
You kill the giant cockroach!
A magic dart appears from out of thin air!
The magic dart hits you but does no damage.
You hear some strange, mumbled words.
You are more confused.
Something hits you. Something freezes you.
Okay, then.
A magic dart appears from out of thin air!
The magic dart hits you.
You hear some strange, mumbled words.
You are more confused.
You bump into the rock wall.
You're too confused to move!
Something hits you! Something freezes you.
* * * LOW HITPOINT WARNING * * *
You feel better. Something hits you!
* * * LOW HITPOINT WARNING * * *
Something freezes you.
* * * LOW HITPOINT WARNING * * *
You thump something!
You hear some strange, mumbled words.
A magic dart appears from out of thin air!
The magic dart hits you but does no damage.
You miss something. Something hits you.
* * * LOW HITPOINT WARNING * * *
Something freezes you.
You die...

........
.♣......
.P...##.
..PP..#
..PP..#
......#
......# ##+###
.....#..#
##....#
...##..##
#..@..# .
......##
#..{..#....
.....##
#....$......
.....#
##....##....
.....## #....#
... ......####
###### #+
.........###.#
.....###....$#
.....# ###>###


There were no monsters in sight!

Vanquished Creatures
  An orc wizard (D:2)
  A gnoll (D:1)
  An adder (D:2)
  A dart slug (D:1)
  4 orcs (D:1)
  4 ball pythons (D:1)
  2 endoplasms
  A giant cockroach (D:2)
  2 goblins
  A hobgoblin (D:1)
  4 jackals (D:1)
  A bat (D:2)
  4 kobolds
  3 rats
30 creatures vanquished.

Notes
Turn   | Place    | Note
-------+----------+-------------------------------------------
     0 | D:1      | Bnni the Demonspawn Fighter began the quest for the Orb.
     0 | D:1      | Reached XP level 1. HP: 18/18 MP: 1/1
   119 | D:1      | Found Ponayr's Magic Scroll Emporium.
   183 | D:1      | Gained mutation: You are partially covered in slimy green
                  | scales. (AC +2) [demonic ancestry]
   183 | D:1      | Reached XP level 2. HP: 24/24 MP: 2/2
   394 | D:1      | Gained mutation: You have a pair of small antennae on your
                  | head. [demonic ancestry]
   394 | D:1      | Reached XP level 3. HP: 12/29 MP: 3/3
   481 | D:1      | Found Wurabrun's Antique Weapon Emporium.
   774 | D:1      | Found Notihin's Magic Scroll Emporium.
   782 | D:1      | Bought a scroll of identify for 22 gold pieces
  1203 | D:2      | Gained mutation: You regenerate magic rapidly. [demonic
                  | ancestry]
  1203 | D:2      | Reached XP level 4. HP: 35/35 MP: 4/4
  1300 | D:2      | Noticed Sigmund
  1324 | D:2      | Slain by Sigmund

Illustrated notes

Levels and vault maps discovered:
D:1:      lemuel_arrival_rhombus, layout_basic, serial_shops, shop, shop,
          nicolae_lakefront_shop
D:2:      layout_basic, minmay_misc_feat_iff, grunt_ministairs_14,
          hangedman_decor_push, serial_park_tiny_2, uniq_sigmund,
          uniq_crazy_yiuf_cottage

Skill      XL: |  1  2 |
---------------+-------+-----
Maces & Flails | 2 |  2.9
Shields        | 3 |  3.5
Fighting       | |  3.4
Armour         | |  2.6

Action                     |  1- 3 |  4- 6 || total
---------------------------+-------+-------++-------
  Melee: Flail             |    84 |    17 ||   101
    Use: Scroll            |     1 |       ||     1
         Potion            |       |     3 ||     3
 Armour: Scale mail        |    94 |    26 ||   120
  Dodge: Dodged            |    45 |     8 ||    53
  Block: Buckler           |    22 |     4 ||    26

Table legend: (Time is in decaauts)
 A = Elapsed time spent in this place.
 B = Non-inter-level travel time spent in this place.
 C = Inter-level travel time spent in this place.
 D = Time resting spent in this place.
 E = Time spent auto-exploring this place.
 F = Levels seen in this place.
 G = Mean time per level.
                   A        B        C        D        E       F      G
               +--------+--------+--------+--------+--------+-----+--------+
         Total |   1357 |   1340 |     17 |     34 |   1040 |   2 |  678.5 |
       Dungeon |   1357 |   1340 |     17 |     34 |   1040 |   2 |  678.5 |
               +--------+--------+--------+--------+--------+-----+--------+

Top non-repeatable levels by time:
     D:1: 949 daAuts
     D:2: 407 daAuts
